 Dungeon Crawl Stone Soup version 0.23-a0-899-gbbae0a3 (webtiles) character file.

Game seed: 12555201100380449898

457 Ijustatesigmund the Chopper (level 7, 0/60 HPs)
             Began as a Hill Orc Fighter on Jan 29, 2019.
             Slain by an orc warrior
             ... wielding a +0 glaive
              (10 damage)
             ... on level 5 of the Dungeon.
             The game lasted 00:05:58 (2671 turns).

Ijustatesigmund the Chopper (Hill Orc Fighter)      Turns: 2671, Time: 00:05:59

Health: 0/60       AC: 10    Str: 30    XL:     7   Next: 6%
Magic:  7/7        EV: 10    Int:  9    God:
Gold:   165        SH: 12    Dex: 14    Spells: 6/6 levels left

rFire    . . .     SeeInvis .   a - +0 war axe
rCold    . . .     Gourm    .   c - +1 shield
rNeg     . . .     Faith    .   b - +0 ring mail
rPois    .         Spirit   .   (no helmet)
rElec    .         Reflect  .   q - +1 cloak
rCorr    .         Harm     .   p - +1 pair of gloves
MR       .....                  (no boots)
Stlth    +.........             (no amulet)
HPRegen  0.20/turn              l - +3 ring of dexterity
MPRegen  0.10/turn              i - +6 ring of strength

@: mighty, very slightly contaminated
A: no striking features
a: no special abilities


You were on level 5 of the Dungeon.
You were hungry.

You visited 1 branch of the dungeon, and saw 5 of its levels.

You collected 165 gold pieces.

Inventory:

Hand Weapons
 a - a +0 war axe (weapon)
Armour
 b - a +0 ring mail (worn)
 c - a +1 shield (worn)
 p - a +1 pair of gloves (worn)
 q - a +1 cloak (worn)
Jewellery
 i - a +6 ring of strength (right hand)
 l - a +3 ring of dexterity (left hand)
 o - an uncursed ring of resist corrosion
Wands
 r - a wand of polymorph (4)
Scrolls
 g - 6 scrolls of identify
Potions
 d - 2 potions of might
 e - a potion of flight
 h - 2 potions of brilliance
 j - 2 potions of curing
 k - a potion of mutation {unknown}
Comestibles
 f - 9 rations


   Skills:
 - Level 4.5 Fighting
 - Level 6.0 Axes
 - Level 4.1 Armour
 + Level 3.2 Dodging
 - Level 4.1 Shields


You had 6 spell levels left.
You didn't know any spells.
Your spell library was empty.

Dungeon Overview and Level Annotations

Branches:
Dungeon (5/15)
 Temple: D:4-7

Altars:
Ashenzari
Elyvilon
Makhleb
Wu Jian
Zin

Shops:
D:5 !


Message History

Your shield and ring mail prevent you from hitting the orc priest.
The orc priest threatens, "By the altar or by the axe, you will meet Beogh!"
The orc priest mumbles some strange prayers to Beogh against you.
You barely resist. You slice the orc priest!!
You kill the orc priest!
Your Dodging skill increases to level 3!
The orc barely misses you. The orc priest closely misses you.
You hit the orc priest.
The orc priest is lightly wounded.
You barely miss the orc. The orc completely misses you.
The orc priest hits you with a +0 club.
* * * LOW HITPOINT WARNING * * *
You slash the orc priest!
You kill the orc priest!
You have reached level 7!
You slash the orc!
You kill the orc!
The orc warrior hits you from afar with a +0 glaive!
You die...

#### ..... .....
...... ....#
#############
#.)##...........#
##)@.o#########.#
##...### #..# #
#....# ######.##
#.#
###..######......#
.Z..
#.##.#...o).######
###..#§#..#∩######
[.....?...o.#
##.......###
##.#.....#


You could see an orc warrior.

Vanquished Creatures
  A centaur (D:3)
  A crimson imp (D:5)
  A hound (D:5)
  2 orc priests (D:5)
  An orc wizard (D:5)
  A bullfrog skeleton (D:5)
  2 worker ants
  A hound skeleton (D:5)
  3 adders
  A howler monkey skeleton (D:4)
  2 oozes (D:2)
  2 worms
  2 dart slugs
  A leopard gecko (D:3)
  10 orcs
  7 bats
  3 giant cockroaches
  4 goblins
  11 hobgoblins
  3 jackals (D:1)
  9 kobolds
  6 frilled lizards
  A leopard gecko zombie (D:5)
  7 rats
82 creatures vanquished.

Notes
Turn   | Place    | Note
-------+----------+-------------------------------------------
     0 | D:1      | Ijustatesigmund the Hill Orc Fighter began the quest for
                  | the Orb.
     0 | D:1      | Reached XP level 1. HP: 19/19 MP: 1/1
     2 | D:1      | Reached skill level 3 in Axes
    24 | D:1      | Reached XP level 2. HP: 22/26 MP: 2/2
   221 | D:1      | Reached skill level 4 in Axes
   584 | D:1      | Reached XP level 3. HP: 30/31 MP: 3/3
   884 | D:2      | Found a white marble altar of Elyvilon.
   900 | D:2      | Reached skill level 5 in Axes
  1091 | D:2      | Found an ornate altar of the Wu Jian Council.
  1338 | D:3      | Reached XP level 4. HP: 40/40 MP: 4/4
  1584 | D:3      | Noticed a centaur
  1594 | D:3      | Killed a centaur
  1594 | D:3      | Reached XP level 5. HP: 17/46 MP: 5/5
  2076 | D:3      | Found a burning altar of Makhleb.
  2076 | D:3      | Noticed a balrug
  2207 | D:4      | Reached skill level 6 in Axes
  2249 | D:4      | Reached XP level 6. HP: 53/53 MP: 6/6
  2284 | D:4      | Found a shattered altar of Ashenzari.
  2366 | D:4      | Found a glowing silver altar of Zin.
  2567 | D:5      | Entered Level 5 of the Dungeon
  2583 | D:5      | Reached skill level 1 in Dodging
  2620 | D:5      | Found Raubb's Distillery.
  2623 | D:5      | Noticed an orc warrior
  2671 | D:5      | Reached XP level 7. HP: 10/60 MP: 7/7
  2671 | D:5      | Slain by an orc warrior

Vault maps used:
D:1:      onia_arrival_mini_maze
D:2:      old_standard_altar, elyvilon_altar_3
D:3:      makhleb_altar_promises_db
D:4:      kennysheep_mini_moat, lemuel_round_altar, first_ration
D:5:      serial_shops, kennysheep_mini, shop, shop, shop, minmay_between

Skill      XL: |  1  2  3  4  5  6 |
---------------+-------------------+-----
Axes           | 3 4 5 6 |  6.0
Fighting       | 4 |  4.5
Armour         | 4 |  4.1
Shields        | 4 |  4.1
Dodging        | 3 |  3.2

Action                   |  1- 3 |  4- 6 |  7- 9 || total
-------------------------+-------+-------+-------++-------
Melee: War axe           |   109 |   103 |       ||   212
Evoke: Wand              |       |     1 |       ||     1
  Use: Scroll            |       |    11 |       ||    11
       Potion            |       |     3 |       ||     3
  Eat: Chunk             |     1 |     4 |       ||     5
Armor: Scale mail        |    13 |       |       ||    13
       Ring mail         |    33 |    29 |       ||    62
Dodge: Dodged            |    41 |    46 |       ||    87
Block: Shield            |    54 |    67 |       ||   121

Table legend:
 A = Non-vault XP
 B = Vault XP
 C = Vault XP percentage of total XP
 D = Non-vault monster count
 E = Vault monster count
 F = Vault count percentage of total count
                 A         B        C        D         E       F
            +---------+---------+-------+---------+---------+-------
      Total |     650 |       3 |   0.5 |      80 |       2 |   2.4
            +---------+---------+-------+---------+---------+-------
        D:1 |      35 |       0 |   0.0 |      20 |       0 |   0.0
        D:2 |      46 |       0 |   0.0 |      22 |       0 |   0.0
        D:3 |     168 |       0 |   0.0 |      16 |       0 |   0.0
        D:4 |      80 |       0 |   0.0 |       9 |       0 |   0.0
        D:5 |     321 |       3 |   0.9 |      13 |       2 |  13.3
            +---------+---------+-------+---------+---------+-------
